 Dungeon Crawl Stone Soup version 0.26.1-11-gd32895ea62 (webtiles) character file.

Game seed: 866477488262619012

726 Brecoman the Slasher (level 7, -6/55 HPs)
             Began as a Demonspawn Gladiator on July 20, 2021.
             Mangled by Pikel
             ... wielding a +0 whip of electrocution
              (17 damage)
             ... on level 5 of the Dungeon.
             The game lasted 00:14:50 (7522 turns).

Brecoman the Slasher (Demonspawn Gladiator)         Turns: 7522, Time: 00:14:51

Health: -6/55      AC: 10    Str: 16    XL:     7   Next: 44%
Magic:  7/7        EV: 12    Int:  9    God:
Gold:   287        SH:  0    Dex: 15    Spells: 6/6 levels left

rFire    . . .     SeeInvis .   y - +0 great sword
rCold    + . .     Faith    .   (shield currently unavailable)
rNeg     . . .     Spirit   .   D - +1 scale mail {rC+}
rPois    .         Reflect  .   (helmet restricted)
rElec    .         Harm     .   (no cloak)
rCorr    .         Rampage  .   (no gloves)
Will     .....                  m - +2 pair of boots
Stlth    ..........             (no amulet)
HPRegen  0.18/turn              (no ring)
MPRegen  0.10/turn              (no ring)

@: invisible
A: antennae 1, foul stench 1, miasma immunity
a: no special abilities


You were on level 5 of the Dungeon.
You visited 1 branch of the dungeon, and saw 5 of its levels.

You collected 287 gold pieces.

Inventory:

Hand Weapons
 a - a +0 long sword
 y - a +0 great sword (weapon)
Missiles
 d - 4 throwing nets
 g - 75 stones (quivered)
Armour
 b - a +0 leather armour
 c - a +0 helmet
 m - a +2 pair of boots (worn)
 D - a +1 scale mail of cold resistance (worn)
Jewellery
 f - an uncursed ring of protection from cold {unknown}
 i - an uncursed ring of protection from fire {unknown}
 n - a +4 ring of protection {unknown}
 s - an uncursed ring of willpower {unknown}
 C - a +6 ring of intelligence {unknown}
Scrolls
 h - 8 scrolls of identify {unknown}
 k - 9 scrolls of remove curse {unknown}
 l - a scroll of fog {unknown}
 p - 2 scrolls of teleportation {unknown}
 u - 3 scrolls of fear {unknown}
 v - 3 scrolls of immolation {unknown}
 w - 2 scrolls of magic mapping {unknown}
 z - a scroll of amnesia {unknown}
 A - 2 scrolls of blinking {unknown}
Potions
 e - a potion of flight {unknown}
 j - 4 potions of attraction {unknown}
 q - a potion of might
 r - 2 potions of curing
 t - a potion of berserk rage {unknown}
 x - a potion of lignification {unknown}
 B - a potion of cancellation {unknown}
 E - a potion of heal wounds {unknown}
 F - a potion of ambrosia {unknown}
 G - a potion of brilliance {unknown}


   Skills:
 + Level 4.8 Fighting
 * Level 5.6 Long Blades
 - Level 1.8 Throwing
 + Level 4.7 Dodging


You had 6 spell levels left.
You didn't know any spells.
Your spell library was empty.

Dungeon Overview and Level Annotations

Branches:
Dungeon (5/15)
 Temple: D:4-7

Altars:
Gozag

Annotations:
D:3 3 runed translucent doors, Skogalur's ghost, amateur TrMo
D:5 Pikel


Innate Abilities, Weirdness & Mutations

You have a pair of small antennae on your head.
You may emit foul miasma when damaged in melee.
You are immune to miasma.


Message History

Pikel looks sick.
The lemure hits you but does no damage.
You slash Pikel!
Pikel is moderately wounded.
The lemure hits you. Pikel hits you but does no damage.
You are electrocuted!
The lemure hits you but does no damage. The lemure completely misses you.
The lemure hits you. Pikel hits you but does no damage.
You are electrocuted!
* * * LOW HITPOINT WARNING * * *
Press: ? - help, v - describe, . - travel The floor, spattered with blood.
Okay, then.
You fade into invisibility!
The lemure barely misses you.
You riposte.
You hit the lemure.
The lemure is moderately wounded.
The lemure misses you.
You riposte.
You slash the lemure!
The lemure is heavily wounded.
The lemure misses you.
Pikel hits you with a +0 whip of electrocution.
* * * LOW HITPOINT WARNING * * *
You are electrocuted!
You die...

....#.###.##..# ###### #.....#
#.##..#########.... ##..###
#.##........^....####### #[.#
#.##..#########)).......
#..#####.##..# #)#########
#............# #.# #....
....##......†.#########.#####.###
..........#....5.5............#
###.##....##...5@K......#######
#.......############### #########


You could see Pikel (strong, sick) and 3 lemures.

Vanquished Creatures
  An ogre (D:3)
  A centaur (D:5)
  A bullfrog (D:5)
  A howler monkey (D:4)
  2 hounds
  4 worker ants
  An iguana (D:4)
  A hound skeleton (D:5)
  3 gnolls (D:5)
  10 adders
  A white imp (D:5)
  An ufetubus (D:5)
  3 oozes
  An adder skeleton (D:5)
  3 worms
  4 dart slugs
  5 leopard geckos
  5 orcs
  2 ball pythons
  2 giant cockroaches
  5 goblins
  9 hobgoblins
  14 jackals
  8 kobolds
  8 quokkas
  9 bats
  5 frilled lizards
  A quokka skeleton (D:4)
  9 rats
120 creatures vanquished.

Notes
Turn   | Place    | Note
-------+----------+-------------------------------------------
     0 | D:1      | Brecoman the Demonspawn Gladiator began the quest for the
                  | Orb.
     0 | D:1      | Reached XP level 1. HP: 16/16 MP: 1/1
   156 | D:1      | Gained mutation: You have a pair of small antennae on your
                  | head. [demonic ancestry]
   156 | D:1      | Reached XP level 2. HP: 17/22 MP: 2/2
   435 | D:1      | Reached skill level 3 in Long Blades
   947 | D:1      | Gained mutation: You are immune to miasma. [demonic
                  | ancestry]
   947 | D:1      | Reached XP level 3. HP: 25/28 MP: 3/3
  1891 | D:2      | Reached XP level 4. HP: 30/35 MP: 4/4
  3963 | D:3      | Reached XP level 5. HP: 26/41 MP: 5/5
  4247 | D:3      | Found a runed translucent gate.
  4248 | D:3      | Found a runed translucent gate.
  4248 | D:3      | Found an opulent altar of Gozag.
  4249 | D:3      | Found a runed translucent gate.
  4262 | D:3      | Noticed Skogalur's ghost (amateur TrMo)
  4262 | D:3      | Noticed an ogre
  5004 | D:4      | Reached skill level 4 in Long Blades
  5400 | D:4      | Gained mutation: You may emit foul miasma when damaged in
                  | melee. [demonic ancestry]
  5400 | D:4      | Reached XP level 6. HP: 16/48 MP: 6/6
  6293 | D:5      | Entered Level 5 of the Dungeon
  6770 | D:5      | Reached skill level 5 in Long Blades
  6770 | D:5      | Reached XP level 7. HP: 35/55 MP: 7/7
  7449 | D:5      | Noticed Pikel
  7522 | D:5      | Mangled by Pikel

Illustrated notes

Levels and vault maps discovered:
D:1:      dpeg_arrival_lava_altar, layout_loops_ring
D:2:      layout_loops_ring, st_stairs_12, minmay_misc_feat_doors,
          minmay_joined_circles
D:3:      layout_rooms, ebering_ghost_gozag
D:4:      layout_layer_cave
D:5:      layout_loops_ring, kennysheep_small_square, uniq_pikel

Skill      XL: |  1  2  3  4  5  6 |
---------------+-------------------+-----
Long Blades    | 3 4 5 |  5.6
Dodging        | 3 4 |  4.7
Fighting       | 3 4 |  4.8
Throwing       | |  1.8

Action                   |  1- 3 |  4- 6 |  7- 9 || total
-------------------------+-------+-------+-------++-------
Melee: Long sword        |   109 |    58 |       ||   167
       Great sword       |       |   150 |    48 ||   198
Throw: Stone             |       |       |     1 ||     1
  Use: Potion            |     2 |     1 |     1 ||     4
 Stab: Sleeping          |     4 |       |       ||     4
       Distracted        |       |       |     1 ||     1
Armor: Leather armour    |    42 |    71 |    16 ||   129
       Scale mail        |       |       |    17 ||    17
Dodge: Dodged            |   111 |   232 |    50 ||   393
       Rpst.: Long sword |    30 |    16 |       ||    46
       Great sword       |       |    61 |    15 ||    76
